 Dungeon Crawl Stone Soup version 0.27-a0-1119-gbf574a6a6b (webtiles) character file.

Game seed: 7823546351422125944

71 Zeld the Skirmisher (level 4, -1/33 HPs)
             Began as an Octopode Fighter on May 2, 2021.
             Succumbed to a scorpion's poison
             ... on level 2 of the Dungeon.
             The game lasted 00:00:47 (542 turns).

Zeld the Skirmisher (Octopode Fighter)               Turns: 542, Time: 00:00:48

Health: -1/33      AC:  1    Str: 16    XL:     4   Next: 24%
Magic:  4/4        EV: 11    Int: 10    God:
Gold:   19         SH:  9    Dex: 11    Spells: 3/3 levels left

rFire    . . .     SeeInvis .   a - +0 war axe
rCold    . . .     Faith    .   b - +0 kite shield
rNeg     . . .     Spirit   .   (helmet restricted)
rPois    .         Reflect  .   (no amulet)
rElec    .         Harm     .   (no ring)
rCorr    .         Rampage  .   (no ring)
Will     .....                  (no ring)
Stlth    ++........             (no ring)
HPRegen  0.11/turn              (no ring)
MPRegen  0.09/turn              (no ring)
                                (no ring)
                                (no ring)

@: mighty, lethally poisoned (-1 -> -14)
A: almost no armour, amphibious, 8 rings, camouflage 1, gelatinous body 1,
(nimble swimmer 1), tentacles
a: no special abilities


You were on level 2 of the Dungeon.
You visited 1 branch of the dungeon, and saw 2 of its levels.

You collected 19 gold pieces.

Inventory:

Hand Weapons
 a - a +0 war axe (weapon)
Armour
 b - a +0 kite shield (worn)
Scrolls
 d - a scroll of blinking {unknown}


   Skills:
 * Level 3.7 Fighting
 * Level 2.9 Axes
 - Level 3.0 Dodging
 * Level 3.7 Shields


You had 3 spell levels left.
You didn't know any spells.
Your spell library was empty.

Dungeon Overview and Level Annotations

Branches:
Dungeon (2/15)

Altars:

Shops:
D:1 [


Innate Abilities, Weirdness & Mutations

You cannot wear most types of armour.
You are amphibious.
You can wear up to eight rings at the same time.
Your skin changes colour to match your surroundings (Stealth+).
Your rubbery body absorbs attacks. (AC +1, EV +1)
((You are camouflaged near water. (Stealth+)))
You have tentacles for arms and can constrict up to eight enemies at once.


Message History

No target in view!
No target in view!
HP restored.
You now have 19 gold pieces (gained 10).
Things that are here:
a +0 short sword; a ball python corpse You see here a ball python skeleton.
Found 16 stones.
Found 24 sling bullets.
You see here 24 sling bullets.
A scorpion comes into view.
A scorpion is nearby!
A scorpion is nearby!
You feel very mighty all of a sudden.
You hit the scorpion. Your grab misses the scorpion.
The scorpion is moderately wounded.
The scorpion closely misses you. x2
You barely miss the scorpion. You grab the scorpion.
The scorpion is moderately wounded.
You constrict the scorpion. The scorpion stings you.
You are poisoned.
The scorpion poisons you! The scorpion stings you.
You are more poisoned.
The scorpion poisons you!
You slash the scorpion!
You kill the scorpion!
* * * LOW HITPOINT WARNING * * *
You feel extremely sick.
You have reached level 3!
Your experience leads to an increase in your attributes!
Increase (S)trength, (I)ntelligence, or (D)exterity?
You feel stronger.
You have reached level 4!
There is a lethal amount of poison in your body!
There is a lethal amount of poison in your body!
* * * LOW HITPOINT WARNING * * *
You feel very sick.
You see here a scorpion corpse.
You aren't carrying any potions.
You die...

##.##.#..#### #.#
..†.........# #.#
..<......##.# #.#
##)##.#.###.# #.# .
#.##.#.# #.######.#### s.
#.#....# #...........#.#.
#÷.....# ##.##...........
#.#...#####.#####(#....#.
#.##...........@....#....
#......(.....####.#...##.
###########.## #........
#.# ####.#### #.# .# #


There were no monsters in sight!

Vanquished Creatures
  A scorpion (D:2)
  A dart slug (D:1)
  2 endoplasms (D:1)
  2 jackals
  2 kobolds
  4 ball pythons
  A bat (D:1)
  A rat (D:1)
14 creatures vanquished.

Notes
Turn   | Place    | Note
-------+----------+-------------------------------------------
     0 | D:1      | Zeld the Octopode Fighter began the quest for the Orb.
     0 | D:1      | Reached XP level 1. HP: 16/16 MP: 1/1
    81 | D:1      | Found Cibutij's Antique Armour Boutique.
   236 | D:1      | Reached XP level 2. HP: 18/21 MP: 2/2
   530 | D:2      | Noticed a scorpion
   540 | D:2      | Killed a scorpion
   541 | D:2      | Reached XP level 3. HP: 5/27 MP: 3/3
   541 | D:2      | Reached XP level 4. HP: 6/33 MP: 4/4
   542 | D:2      | Succumbed to a scorpion's poison

Illustrated notes

Levels and vault maps discovered:
D:1:      sevenhm_arrival_forest_fort_small_4, layout_basic, serial_shops, shop,
          basic_ecumenical_altar
D:2:      layout_loops_ring

Action                   |  1- 3 |  4- 6 || total
-------------------------+-------+-------++-------
Melee: War axe           |    17 |       ||    17
       Constrict         |     9 |       ||     9
       Tentacles         |     4 |       ||     4
  Use: Potion            |     1 |       ||     1
 Stab: Sleeping          |     1 |       ||     1
Armor: Skin              |     1 |       ||     1
Dodge: Dodged            |     9 |       ||     9
Block: Kite shield       |    11 |       ||    11

Table legend: (Time is in decaauts)
 A = Elapsed time spent in this place.
 B = Non-inter-level travel time spent in this place.
 C = Inter-level travel time spent in this place.
 D = Time resting spent in this place.
 E = Time spent auto-exploring this place.
 F = Levels seen in this place.
 G = Mean time per level.
                   A        B        C        D        E       F      G
               +--------+--------+--------+--------+--------+-----+--------+
         Total |    553 |    553 |      0 |    174 |    296 |   2 |  276.5 |
       Dungeon |    553 |    553 |      0 |    174 |    296 |   2 |  276.5 |
               +--------+--------+--------+--------+--------+-----+--------+

Top non-repeatable levels by time:
     D:1: 426 daAuts
     D:2: 126 daAuts
